 Dungeon Crawl Stone Soup version 0.21.1-1-g345015fe64 (webtiles) character file.

560 DwarfAlpaca the Ducker (level 7, -5/60 HPs)
             Began as a Gnoll Monk on Apr 17, 2018.
             Killed from afar by an orc wizard (10 damage)
             ... with a puff of flame
             ... on level 4 of the Dungeon.
             The game lasted 00:10:48 (5067 turns).

DwarfAlpaca the Ducker (Gnoll Monk)                 Turns: 5067, Time: 00:10:49

Health: -5/60      AC:  4    Str: 15    XL:     7   Next: 31%
Magic:  19/19      EV: 17    Int: 12    God:
Gold:   98         SH:  0    Dex: 18    Spells: 10/10 levels left

rFire    . . .     SeeInvis .   z - +3 short sword (protect)
rCold    . . .     Gourm    +   (no shield)
rNeg     . . .     Faith    .   b - +1 robe
rPois    .         Spirit   .   (no helmet)
rElec    .         Reflect  .   (no cloak)
rCorr    .         Harm     .   (no gloves)
MR       .....                  d - +0 pair of boots
Stlth    +++.......             j - amulet of the gourmand
HPRegen  0.20/turn              (no ring)
MPRegen  0.16/turn              s - ring of magical power

@: lethally poisoned (-5 -> -6)
A: distributed training, fangs 1, strong nose
a: no special abilities


You were on level 4 of the Dungeon.
You were very full.

You visited 1 branch of the dungeon, and saw 4 of its levels.

You collected 98 gold pieces.

Inventory:

Hand Weapons
 z - a +3 short sword of protection (weapon)
Missiles
 e - 168 stones (quivered)
Armour
 b - a +1 robe (worn)
 d - a +0 pair of boots (worn)
Jewellery
 j - an amulet of the gourmand (around neck)
 q - an uncursed ring of wizardry {unknown}
 s - a ring of magical power (right hand)
Scrolls
 f - a scroll of teleportation
 g - 5 scrolls of identify
 l - a scroll of enchant weapon {unknown}
 m - 2 scrolls of enchant armour
 n - 2 scrolls of amnesia {unknown}
 p - a scroll of blinking {unknown}
 r - a scroll of noise {unknown}
 u - 2 scrolls of remove curse
 x - 2 scrolls of fear {unknown}
 y - a scroll of fog {unknown}
Potions
 i - 2 potions of curing {unknown}
 k - a potion of agility {unknown}
 o - a potion of magic {unknown}
 t - 2 potions of haste {unknown}
 v - a potion of lignification {unknown}
 w - a potion of might {unknown}
Comestibles
 c - 13 rations


   Skills:
 + Level 7.0 Fighting
 + Level 2.3 Short Blades
 + Level 2.3 Long Blades
 + Level 7.0 Axes
 + Level 2.3 Maces & Flails
 + Level 2.3 Polearms
 + Level 2.3 Staves
 + Level 2.3 Slings
 + Level 2.3 Bows
 + Level 2.3 Crossbows
 + Level 2.3 Throwing
 + Level 2.3 Armour
 + Level 7.0 Dodging
 + Level 4.8 Stealth
 + Level 2.3 Shields
 + Level 2.3 Unarmed Combat
 + Level 2.3 Spellcasting
 + Level 1.9 Conjurations
 + Level 1.9 Hexes
 + Level 1.9 Charms
 + Level 1.9 Summonings
 + Level 1.9 Necromancy
 + Level 1.9 Translocations
 + Level 1.9 Transmutations
 + Level 1.9 Fire Magic
 + Level 1.9 Ice Magic
 + Level 1.9 Air Magic
 + Level 1.9 Earth Magic
 + Level 1.9 Poison Magic
 + Level 2.6 Invocations
 + Level 2.3 Evocations


You had 10 spell levels left.
You didn't know any spells.

Dungeon Overview and Level Annotations

Branches:
Dungeon (4/15)
 Temple: D:4-7

Altars:
Ashenzari
Elyvilon
Okawaru
Ru
The Shining One

Shops:
D:4 *


Innate Abilities, Weirdness & Mutations

Your experience applies equally to all skills.
You have very sharp teeth.
Your uncanny sense of smell can sniff out nearby items.


Message History

Deactivating autopickup; reactivate with Ctrl-A.
The orc wizard gestures at you while chanting.
The magic dart hits you!
* * * LOW HITPOINT WARNING * * *
The orc wizard points at you and mumbles some strange words.
The puff of flame misses you.
You feel sick. The orc wizard casts a spell at you.
The orc priest looks encouraged for a moment.
A puff of frost appears from out of thin air!
The puff of frost hits you!
* * * LOW HITPOINT WARNING * * *
The orc wizard gestures at you while chanting.
The magic dart hits you!
* * * LOW HITPOINT WARNING * * *
The orc throws a tomahawk.
The tomahawk completely misses you.
You see here a tomahawk.
A puff of flame appears from out of thin air!
The puff of flame hits you!
You die...

...........##..#............⌠....
###..##'#......#.................
..####..#......#...#8###8##...##8
..#..#).#......#...########...###
###))#..#....###.........#8...8#
..#'###'#..<.##############...##
.....#))#....#...######## #...#
#'##.'..#....#..........###...##
...#.#####......@.......##8...8#
)).#..)..#..##.##(......###...###
(..#..#..#.....#........'.......#
####.#####...###........#######.#
..#..#...#........o....## ####.#
..#..)...#..####.#.....#####....#
'##.######.....#.#...#....##.####
....#..#P.......o....#.##.##.#
....'..#P......o.#####.#...#.#


You could see an orc wizard.

Vanquished Creatures
  The ghost of Lothor the Chopper, an amateur DsFi (D:3)
  Purgy (D:4)
  3 orc priests
  An orc wizard (D:2)
  A worker ant (D:4)
  A gnoll (D:4)
  A howler monkey skeleton (D:3)
  4 adders
  4 oozes
  5 worms
  A dart slug (D:2)
  2 leopard geckos
  15 orcs
  3 bats
  5 giant cockroaches
  9 goblins
  15 hobgoblins
  6 jackals (D:4)
  A quokka (D:2)
  3 frilled lizards (D:1)
  12 kobolds
  3 rats
97 creatures vanquished.

Notes
Turn   | Place    | Note
-------+----------+-------------------------------------------
     0 | D:1      | DwarfAlpaca the Gnoll Monk began the quest for the Orb.
     0 | D:1      | Reached XP level 1. HP: 23/23 MP: 1/1
   172 | D:1      | Reached XP level 2. HP: 29/29 MP: 2/2
   469 | D:1      | Reached XP level 3. HP: 35/35 MP: 3/3
   731 | D:2      | Reached skill level 1 in Invocations
  1023 | D:2      | Reached skill level 1 in Short Blades
  1023 | D:2      | Reached skill level 1 in Long Blades
  1023 | D:2      | Reached skill level 1 in Maces & Flails
  1023 | D:2      | Reached skill level 1 in Polearms
  1023 | D:2      | Reached skill level 1 in Staves
  1023 | D:2      | Reached skill level 1 in Slings
  1023 | D:2      | Reached skill level 1 in Bows
  1023 | D:2      | Reached skill level 1 in Crossbows
  1023 | D:2      | Reached skill level 1 in Throwing
  1023 | D:2      | Reached skill level 1 in Armour
  1023 | D:2      | Reached skill level 1 in Shields
  1023 | D:2      | Reached skill level 1 in Unarmed Combat
  1023 | D:2      | Reached skill level 1 in Spellcasting
  1023 | D:2      | Reached skill level 1 in Evocations
  1023 | D:2      | Reached XP level 4. HP: 41/41 MP: 5/5
  1031 | D:2      | Found an iron altar of Okawaru.
  1049 | D:2      | Found a shattered altar of Ashenzari.
  1084 | D:2      | Reached skill level 1 in Conjurations
  1084 | D:2      | Reached skill level 1 in Hexes
  1084 | D:2      | Reached skill level 1 in Charms
  1084 | D:2      | Reached skill level 1 in Summonings
  1084 | D:2      | Reached skill level 1 in Necromancy
  1084 | D:2      | Reached skill level 1 in Translocations
  1084 | D:2      | Reached skill level 1 in Transmutations
  1084 | D:2      | Reached skill level 1 in Fire Magic
  1084 | D:2      | Reached skill level 1 in Ice Magic
  1084 | D:2      | Reached skill level 1 in Air Magic
  1084 | D:2      | Reached skill level 1 in Earth Magic
  1084 | D:2      | Reached skill level 1 in Poison Magic
  1102 | D:2      | Reached XP level 5. HP: 23/47 MP: 5/7
  1787 | D:3      | Noticed Lothor's ghost (amateur DsFi)
  2044 | D:3      | Found a sacrificial altar of Ru.
  2868 | D:4      | Found a white marble altar of Elyvilon.
  3355 | D:4      | Reached XP level 6. HP: 52/53 MP: 8/8
  3900 | D:3      | Killed Lothor's ghost
  4365 | D:4      | Found Zeomuhax's General Store.
  4608 | D:4      | Found a glowing golden altar of the Shining One.
  4937 | D:4      | Noticed Purgy
  4986 | D:4      | Killed Purgy
  4986 | D:4      | Reached XP level 7. HP: 43/60 MP: 10/10
  5059 | D:4      | HP: 1/60 [orc wizard/magic dart (6)]
  5067 | D:4      | Killed from afar by an orc wizard

Skill      XL: |  1  2  3  4  5  6 |
---------------+-------------------+-----
Invocations    | 1 2 |  2.6
Short Blades   | 1 2 |  2.3
Long Blades    | 1 2 |  2.3
Maces & Flails | 1 2 |  2.3
Polearms       | 1 2 |  2.3
Staves         | 1 2 |  2.3
Slings         | 1 2 |  2.3
Bows           | 1 2 |  2.3
Crossbows      | 1 2 |  2.3
Throwing       | 1 2 |  2.3
Armour         | 1 2 |  2.3
Shields        | 1 2 |  2.3
Unarmed Combat | 1 2 |  2.3
Spellcasting   | 1 2 |  2.3
Evocations     | 1 2 |  2.3
Conjurations   | 1 |  1.9
Hexes          | 1 |  1.9
Charms         | 1 |  1.9
Summonings     | 1 |  1.9
Necromancy     | 1 |  1.9
Translocations | 1 |  1.9
Transmutations | 1 |  1.9
Fire Magic     | 1 |  1.9
Ice Magic      | 1 |  1.9
Air Magic      | 1 |  1.9
Earth Magic    | 1 |  1.9
Poison Magic   | 1 |  1.9
Fighting       | 7 |  7.0
Axes           | 7 |  7.0
Dodging        | 7 |  7.0
Stealth        | |  4.8

Action                   |  1- 3 |  4- 6 |  7- 9 || total
-------------------------+-------+-------+-------++-------
Melee: Hand axe          |    66 |   283 |       ||   349
       Bite              |     5 |    43 |     1 ||    49
       Punch             |       |     4 |       ||     4
       Short sword       |       |    13 |     9 ||    22
Throw: Stone             |     6 |     3 |       ||     9
  Use: Scroll            |       |     5 |       ||     5
       Potion            |       |       |     2 ||     2
 Stab: Sleeping          |     1 |    17 |       ||    18
  Eat: Chunk             |       |    22 |       ||    22
       Ration            |       |     1 |       ||     1
Armor: Robe              |     4 |    22 |     4 ||    30
Dodge: Dodged            |    56 |   227 |    11 ||   294
